 Dungeon Crawl Stone Soup version 0.28.0 (webtiles) character file.

Game seed: 14445896376728958670

1318 danielguo94 the Cudgeller (level 8, 0/48 HPs)
             Began as a Gargoyle Fighter on Feb 6, 2022.
             Was an Initiate of the Shining One.
             Slain by a yak (12 damage)
             ... on level 5 of the Dungeon.
             The game lasted 00:09:31 (6481 turns).

danielguo94 the Cudgeller (Gargoyle Fighter)        Turns: 6481, Time: 00:09:32

Health: 0/48       AC: 21    Str: 23    XL:     8   Next: 59%
Magic:  8/8        EV:  8    Int:  8    God:    the Shining One [......]
Gold:   239        SH:  4    Dex:  9    Spells: 7/7 levels left

rFire   . . .      SeeInvis .   a - +0 flail
rCold   . . .      Faith    .   c - +0 buckler
rNeg    + . .      Spirit   .   B - +0 chain mail
rPois   ∞          Reflect  .   b - +0 helmet
rElec   +          Harm     .   y - +2 cloak
rCorr   .          Rampage  .   (no gloves)
Will    .....                   h - +0 pair of boots
Stlth   ..........              (no amulet)
HPRegen 0.16/turn               (no ring)
MPRegen 0.11/turn               (no ring)

@: glowing
A: sickness immunity, AC +5, negative energy resistance 1, electricity
resistance, torment resistance 1, petrification resistance
a: Renounce Religion


You were on level 5 of the Dungeon.
You worshipped the Shining One.
The Shining One was noncommittal.
You visited 2 branches of the dungeon, and saw 7 of its levels.

You collected 239 gold pieces.

Inventory:

Hand Weapons
 a - a +0 flail (weapon)
Missiles
 f - 134 stones (quivered)
 m - 3 datura-tipped darts
 u - 5 boomerangs
Armour
 b - a +0 helmet (worn)
 c - a +0 buckler (worn)
 h - a +0 pair of boots (worn)
 y - a +2 cloak (worn)
 B - a +0 chain mail (worn)
Jewellery
 l - a ring of magical power
 o - a ring of protection from cold
 A - a ring of flight
Wands
 t - a wand of acid (10)
 v - a wand of flame (21)
 x - a wand of paralysis (1)
Scrolls
 d - a scroll of silence
 e - 2 scrolls of teleportation {unknown}
 g - a scroll of enchant weapon
 n - 2 scrolls of magic mapping {unknown}
 p - a scroll of summoning {unknown}
 q - a scroll of fear {unknown}
 r - a scroll of immolation {unknown}
 s - a scroll of enchant armour {unknown}
 z - a scroll of fog {unknown}
Potions
 i - a potion of haste {unknown}
 j - 4 potions of curing
 k - a potion of might
 w - a potion of heal wounds {unknown}
 C - a potion of lignification {unknown}


   Skills:
 + Level 4.9 Fighting
 * Level 7.9 Maces & Flails
 + Level 5.8 Armour
 + Level 1.6 Dodging
 + Level 4.3 Shields
 + Level 0.4 Evocations


You had 7 spell levels left.
You didn't know any spells.
Your spell library contained the following spells:

 Spells                   Type           Power      Damage    Failure   Level
 Frozen Ramparts          Ice            0%         1d2       100%        3
 Hailstorm                Conj/Ice       0%         3d3       100%        4
 Ice Form                 Ice/Tmut       0%         N/A       100%        4
 Summon Ice Beast         Ice/Summ       0%         N/A       100%        4
 Simulacrum               Ice/Necr       0%         N/A       100%        6


Dungeon Overview and Level Annotations

Branches:
Dungeon (6/15)             Temple (1/1) D:5

Altars:
Ashenzari
Cheibriados
Dithmenos
Elyvilon
Fedhas
Gozag
Hepliaklqana
Kikubaaqudgha
Makhleb
Nemelex Xobeh
Okawaru
Ru
Sif Muna
Wu Jian
Xom
Yredelemnul
Zin
The Shining One

Annotations:
D:2 1 runed translucent door, Crazy Yiuf


Innate Abilities, Weirdness & Mutations

You are immune to sickness and miasma.
Your stone body is resilient. (AC +5)
You are immune to poison.
You resist negative energy. (rN+)
You are resistant to electric shocks. (rElec)
You are resistant to unholy torment.
You are immune to petrification.


Message History

Unknown command.
The yak gores you! x2; The yak closely misses you.
You climb upwards.
There is a stone staircase leading down here.
Unknown command.
Unknown command.
The yak gores you.
You see here an adder skeleton.
You hit the yak.
The yak is lightly wounded.
The yak gores you but does no damage.
You barely miss the yak.
The yak is lightly wounded.
The yak closely misses you.
You barely miss the yak.
The yak is lightly wounded.
The yak gores you but does no damage.
You hit the yak.
The yak is moderately wounded.
The yak gores you.
You are too injured to fight recklessly!
You are too injured to fight recklessly!
You are too injured to fight recklessly!
You are too injured to fight recklessly!
You are too injured to fight recklessly!
You sock the yak!
The yak is heavily wounded.
The yak barely misses you.
You sock the yak!
The yak is severely wounded.
You block the yak's attack.
You sock the yak!
The yak is almost dead.
The yak snorts and paws the ground.
The yak gores you!
* * * LOW HITPOINT WARNING * * *
You barely miss the yak.
The yak is almost dead.
The yak gores you!
You die...

.........# ##.............#.....
.........# #...###...###.......
........######...# #..##....#....
...........##...####...#...##....
....#..........#.##.......[......
....#....................[[......
..<............##...............#
###............##.##..........#..
#........#.#..YY@.##........###..
...#.....####.Y#########.....#..#
...#.......#...#.......#........#
.............Y.#.>.#.>.#.###.#...
.....#......#.##.......###.......
.....##........##########......#.
#....##.#...#..................#.
.......##.......Y.........##.....
..................Y..........##.#


You could see 3 yaks.

Vanquished Creatures
  Sigmund (D:3)
  A yak (D:5)
  An ice beast (D:5)
  A sky beast (D:5)
  2 ogres
  A phantom (D:4)
  A gnoll sergeant (D:4)
  2 scorpions
  A bullfrog zombie (D:6)
  2 jellies (D:5)
  A bullfrog skeleton (D:5)
  3 orc wizards
  5 gnolls
  7 adders
  A white imp (D:4)
  An adder skeleton (D:4)
  A worm (D:3)
  4 dart slugs
  15 orcs
  3 bats
  4 endoplasms
  3 giant cockroaches
  6 hobgoblins
  4 jackals (D:3)
  4 kobolds
  4 quokkas
  8 ball pythons
  2 frilled lizards
  7 goblins
  3 rats
99 creatures vanquished.

Notes
Turn   | Place    | Note
-------+----------+-------------------------------------------
     0 | D:1      | danielguo94 the Gargoyle Fighter began the quest for the
                  | Orb.
     0 | D:1      | Reached XP level 1. HP: 14/14 MP: 1/1
   350 | D:1      | Reached XP level 2. HP: 18/19 MP: 2/2
   714 | D:1      | Found a faded altar of an unknown god.
  1321 | D:2      | Reached XP level 3. HP: 23/23 MP: 3/3
  1353 | D:2      | Noticed an ogre
  1773 | D:2      | Found a runed translucent door.
  1774 | D:2      | Noticed Crazy Yiuf
  2369 | D:3      | Reached XP level 4. HP: 18/29 MP: 4/4
  2373 | D:3      | Reached skill level 3 in Maces & Flails
  2721 | D:3      | Noticed Sigmund
  2729 | D:3      | Killed Sigmund
  2730 | D:3      | Reached skill level 4 in Maces & Flails
  2730 | D:3      | Reached XP level 5. HP: 23/33 MP: 5/5
  2730 | D:3      | Reached XP level 6. HP: 26/38 MP: 6/6
  4109 | D:4      | Reached skill level 5 in Maces & Flails
  4109 | D:4      | Reached skill level 1 in Dodging
  4364 | D:4      | Reached XP level 7. HP: 43/43 MP: 7/7
  4900 | D:1      | Reached skill level 5 in Armour
  4962 | D:5      | Entered Level 5 of the Dungeon
  5037 | D:5      | Reached skill level 6 in Maces & Flails
  5289 | D:5      | Reached XP level 8. HP: 44/48 MP: 8/8
  5550 | D:4      | Reached skill level 7 in Maces & Flails
  5863 | D:5      | Found a staircase to the Ecumenical Temple.
  5964 | Temple   | Entered the Ecumenical Temple
  6133 | Temple   | Became a worshipper of the Shining One
  6199 | D:6      | Noticed a yak
  6200 | D:6      | Noticed a yak
  6201 | D:6      | Noticed a yak
  6202 | D:6      | Noticed a yak
  6257 | D:5      | Killed a yak
  6481 | D:5      | Slain by a yak

Illustrated notes

Levels and vault maps discovered:
D:1:      wheals_arrival_linesprint, layout_basic, ebering_ecumenical_altar_box,
          supply_closet_lemuel
D:2:      layout_basic, uniq_crazy_yiuf_cottage
D:3:      minmay_recursive_quarters, layout_basic, serial_co_window_serial,
          co_window_of_opportunity_a, co_window_of_opportunity_a,
          co_window_paths_a, co_window_paths_b, co_window_corner_a,
          co_window_corner_a, co_window_broadway_b, co_window_corner_ca,
          co_window_broadway_b, co_window_4corner_b, co_window_paths_e,
          glass_columns_b, glass_columns_b, glass_columns_a, uniq_sigmund
D:4:      minmay_spotlight, layout_layer_cave, fountainhead
D:5:      layout_cave_pools, minmay_temple_entry_from_below_a
D:6:      layout_rooms, minmay_curled_crystal
Temple:   mainiacjoe_temple_archimedes_tessellation

Skill      XL: |  1  2  3  4  5  6  7  8 |
---------------+-------------------------+-----
Armour         | 4 5 |  5.8
Maces & Flails | 4 5 6 7 |  7.9
Fighting       | 4 |  4.9
Dodging        | 1 |  1.6
Shields        | 4 |  4.3
Evocations     | |  0.4

Action                   |  1- 3 |  4- 6 |  7- 9 || total
-------------------------+-------+-------+-------++-------
Melee: Flail             |   111 |   147 |   178 ||   436
Throw: Stone             |     1 |       |       ||     1
Evoke: Wand              |       |       |     6 ||     6
  Use: Scroll            |     1 |     3 |     2 ||     6
       Potion            |       |     1 |       ||     1
 Stab: Paralysed         |       |       |     6 ||     6
Armor: Scale mail        |    81 |    80 |       ||   161
       Chain mail        |       |     1 |   129 ||   130
Dodge: Dodged            |    48 |    70 |    79 ||   197
Block: Buckler           |    26 |    28 |    45 ||    99
